 Dungeon Crawl Stone Soup version 0.26-a0-708-g17f3b190f9 (webtiles) character file.

Game seed: 15454234542053682344

4893 mattiecakes the Cleaver (level 10, 0/94 HPs)
             Began as a Palentonga Abyssal Knight on Oct 29, 2020.
             Was a Priest of Lugonu.
             Killed by the air
             ... invoked by Gastronok
              (34 damage)
             ... on level 8 of the Dungeon.
             The game lasted 00:25:51 (10788 turns).

mattiecakes the Cleaver (PaAK)                     Turns: 10788, Time: 00:25:52

Health: 0/94       AC: 18    Str: 18    XL:     10   Next: 26%
Magic:  16/16      EV:  5    Int: 13    God:    Lugonu [***...]
Gold:   443        SH:  0    Dex: 10    Spells: 9/9 levels left

rFire    . . .     SeeInvis +   r - +0 battleaxe
rCold    . . .     Faith    .   (shield currently unavailable)
rNeg     . . .     Spirit   .   q - +0 chain mail
rPois    .         Reflect  .   j - +1 helmet
rElec    .         Harm     .   k - +0 cloak
rCorr    +         Rampage  .   o - +0 pair of gloves
MR       .....                  (no barding)
Stlth    ..........             (no amulet)
HPRegen  0.25/turn              p - ring of resist corrosion
MPRegen  0.15/turn              (no ring)

@: hasted and slowed
A: large, rugged brown scales 3, see invisible, deformed body, roll, armoured
tail, reflexive curl
a: Rolling Charge, Depart the Abyss, Bend Space, Banish, Renounce Religion


You were on level 8 of the Dungeon.
You worshipped Lugonu.
Lugonu was most pleased with you.
You visited 1 branch of the dungeon, and saw 8 of its levels.
You visited the Abyss 1 time.

You collected 443 gold pieces.

Inventory:

Hand Weapons
 f - a cursed +6 dire flail
 r - a +0 battleaxe (weapon)
Armour
 j - a +1 helmet (worn)
 k - a +0 cloak (worn)
 o - a +0 pair of gloves (worn)
 q - a +0 chain mail (worn)
Jewellery
 p - a ring of resist corrosion (left hand)
Wands
 h - a wand of random effects (6)
 v - a wand of flame (20)
Scrolls
 a - a scroll of blinking
 c - a scroll of remove curse
 e - 2 scrolls of amnesia
 i - 3 scrolls of magic mapping
 l - 3 scrolls of enchant weapon
 n - 7 scrolls of teleportation
 u - a scroll of fog {unknown}
 w - a scroll of fear {unknown}
Potions
 b - a potion of flight
 d - a potion of heal wounds {unknown}
 g - 4 potions of haste
 s - 3 potions of magic
 t - 2 potions of curing
 x - a potion of cancellation {unknown}


   Skills:
 + Level 8.0 Fighting
 - Level 11.1 Axes
 - Level 1.5 Armour
 - Level 0.7 Dodging
 + Level 8.3 Invocations


You had 9 spell levels left.
You didn't know any spells.
Your spell library contained the following spells:

 Spells                   Type           Power        Failure   Level
 Shock                    Conj/Air       #...         99%         1
 Swiftness                Air            #.......     100%        2
 Static Discharge         Conj/Air       #.......     100%        3
 Airstrike                Air            #.........   100%        4
 Lightning Bolt           Conj/Air       #.........   100%        5


Dungeon Overview and Level Annotations

Branches:
Dungeon (8/15)             Temple (0/1) D:6
   Lair: D:8-11

Altars:
Cheibriados
Dithmenos
Hepliaklqana
Nemelex Xobeh
Qazlal
Yredelemnul

Shops:
D:7 }

Annotations:
D:8 Gastronok
Abyss:1 Erica


Innate Abilities, Weirdness & Mutations

You are completely covered in rugged brown scales. (AC +3, +7% HP)
You have supernaturally acute eyesight. (SInv)
Armour fits poorly on your strangely shaped body.
You can roll at foes to attack.
You have a long armoured tail.
You curl defensively after being hit.


Message History

You hit Gastronok. You tail-slap Gastronok!
Gastronok is severely wounded.
Gastronok bites you!
You hit Gastronok.
Gastronok is severely wounded.
You slash Gastronok! You tail-slap Gastronok.
Gastronok is almost dead.
Gastronok waves his eye-stalks in wide circles.
The air twists around and strikes you!
You slash Gastronok!
Gastronok is almost dead.
You hit Gastronok.
Gastronok is almost dead.
Gastronok's eyestalks quiver as he mumbles some strange words.
Your skin takes on a slight green cast.
You hit Gastronok.
Gastronok is almost dead.
Gastronok waves his eye-stalks in wide circles.
The air twists around and strikes you!!
You die...

.# #.#
#.#.#.#.#.##.#
#.#
#.###.#.#.###.#.#
#.#
#.#.#.#)#.#)##.#
#.###.#.#.###.##
#.#.#.#†#.#.#.##
#.#.#.###.###(#
#.#.#.#.#.#.#÷##
#.#.#w###.###(##
.#.#.#@#.#.#.#.##
.#.###.# #(###[#
#.# .#.#.#.#.##
#.# #.###.## #.#
.#.#.#.#.## #.#
#.# #.###y# .#
#.#.#.#.#.## #.#
.#.# #.# #.## #y#
#.# #.#.#.#.##


You could see Gastronok.

Vanquished Creatures
  Joseph (D:8)
  Grinder (D:6)
  A slime creature (D:8)
  Prince Ribbit (D:6)
  Sigmund (D:3)
  A wyvern (D:8)
  An ice beast (D:6)
  A sky beast (D:8)
  4 phantoms
  A necrophage (D:6)
  A black bear (D:8)
  2 centaurs (D:5)
  6 ogres
  A big kobold (D:7)
  4 bullfrogs (D:8)
  2 scorpions
  A wyvern skeleton (D:6)
  4 killer bees
  8 wights
  2 howler monkeys
  A bullfrog zombie (D:8)
  A quasit (D:8)
  A centaur zombie (D:4)
  4 hounds
  A bullfrog skeleton (D:4)
  2 orc wizards (D:7)
  4 worker ants
  3 iguanas
  A hound skeleton (D:4)
  A howler monkey zombie (D:6)
  A howler monkey skeleton (D:4)
  3 adders
  3 shadow imps
  2 ufetubi (D:6)
  2 oozes
  A worm (D:5)
  A dart slug (D:2)
  3 leopard geckos
  12 orcs
  6 bats
  12 giant cockroaches
  7 goblins
  9 hobgoblins
  7 jackals
  A quokka (D:6)
  A ball python (D:2)
  5 frilled lizards
  12 kobolds
  A quokka skeleton (D:6)
  A quokka zombie (D:5)
  8 rats
161 creatures vanquished.

Vanquished Creatures (others)
  An ufetubus (D:8)
1 creature vanquished.

Grand Total: 162 creatures vanquished

Notes
Turn   | Place    | Note
-------+----------+-------------------------------------------
     0 | Abyss:1  | mattiecakes the Palentonga Abyssal Knight began the quest
                  | for the Orb.
     0 | Abyss:1  | Reached XP level 1. HP: 20/20 MP: 2/2
    56 | Abyss:1  | Noticed a raiju
    57 | Abyss:1  | Noticed a hellwing
    57 | Abyss:1  | Noticed an iron imp
    58 | D:1      | Escaped the Abyss
   201 | D:1      | Reached * piety under Lugonu
   230 | D:1      | Reached XP level 2. HP: 27/27 MP: 3/3
   247 | D:1      | Reached skill level 3 in Axes
   443 | D:1      | Reached XP level 3. HP: 33/33 MP: 4/4
   781 | D:2      | Found a snail-covered altar of Cheibriados.
   922 | D:2      | Found a stormy altar of Qazlal.
  1512 | D:2      | Found a hazy altar of Hepliaklqana.
  1936 | D:3      | Reached skill level 4 in Axes
  1958 | D:3      | Reached ** piety under Lugonu
  2162 | D:3      | You fall into a shaft and drop 1 floor!
  2174 | D:4      | Reached XP level 4. HP: 34/40 MP: 5/5
  2259 | D:4      | Reached skill level 5 in Axes
  2368 | D:4      | Reached XP level 5. HP: 19/48 MP: 6/6
  2747 | D:4      | Reached skill level 6 in Axes
  2767 | D:4      | Noticed an ogre
  2868 | D:4      | Noticed a phantom
  2922 | D:4      | Killed a phantom
  2922 | D:4      | Reached XP level 6. HP: 25/54 MP: 7/7
  3189 | D:4      | Reached skill level 7 in Axes
  3600 | D:4      | Gained mutation: You curl defensively after being hit.
                  | [Palentonga growth]
  3600 | D:4      | Reached XP level 7. HP: 10/60 MP: 8/8
  3904 | D:3      | Found a shadowy altar of Dithmenos.
  4118 | D:3      | Noticed Sigmund
  4118 | D:3      | You fall into a shaft and drop 1 floor!
  4154 | D:4      | Found a basalt altar of Yredelemnul.
  4376 | D:4      | Reached skill level 8 in Axes
  4995 | D:3      | Killed Sigmund
  5091 | D:5      | Entered Level 5 of the Dungeon
  5200 | D:5      | Reached skill level 9 in Axes
  5502 | D:5      | Reached XP level 8. HP: 41/67 MP: 9/9
  5984 | D:6      | Noticed Grinder
  5989 | D:6      | Reached skill level 10 in Axes
  5991 | D:6      | Killed Grinder
  6042 | D:6      | Reached *** piety under Lugonu
  6244 | D:6      | Reached skill level 11 in Axes
  7259 | D:6      | Noticed Prince Ribbit
  7375 | D:6      | Killed Prince Ribbit
  7375 | D:6      | Reached XP level 9. HP: 27/75 MP: 11/11
  7671 | D:6      | Found a staircase to the Ecumenical Temple.
  8052 | D:7      | Found a sparkling altar of Nemelex Xobeh.
  8462 | D:7      | Reached skill level 5 in Fighting
  8695 | D:7      | Reached skill level 5 in Invocations
  8761 | D:7      | Found Cegigg's Gadget Boutique.
  9015 | D:8      | Noticed Joseph
  9027 | D:8      | Killed Joseph
  9517 | D:8      | Reached **** piety under Lugonu
  9529 | D:8      | Noticed Erica
  9847 | D:7      | Banished Erica
  9847 | D:7      | Reached XP level 10. HP: 21/92 MP: 10/15
 10679 | D:8      | Noticed Gastronok
 10788 | D:8      | Killed from afar by Gastronok

Illustrated notes

Levels and vault maps discovered:
D:1:      roderic_octagonal_star, layout_basic
D:2:      layout_basic, overflow_temple_1_default, kennysheep_slug_shrine,
          nicolae_qazlal_general_emergency
D:3:      layout_basic, lemuel_crystal_altar, uniq_sigmund
D:4:      layout_basic, nicolae_overflow_hidden_temple
D:5:      layout_cave_pools, kennysheep_potato
D:6:      layout_rooms, minmay_temple_entry_fiery, uniq_grinder,
          uniq_prince_ribbit1
D:7:      layout_cave_pods, kennysheep_mini_moat, serial_column_ruins,
          column_ruins_open_medium, column_ruins_columns_corner,
          column_ruins_open_tiny, column_ruins_open_small,
          column_ruins_open_small, serial_shops, nicolae_shop_trees
D:8:      minmay_imperfect_grid, layout_basic, evilmike_ruin_ashenzari,
          demons_altar, serial_shops, shop, uniq_erica, uniq_maurice,
          uniq_joseph, uniq_gastronok, uniq_pikel

Skill      XL: |  1  2  3  4  5  6  7  8  9 10 |
---------------+-------------------------------+-----
Axes           | 3 4 5 6 7 9 11 | 11.1
Invocations    | 3 7 8 |  8.3
Fighting       | 4 7 8 |  8.0
Armour         | |  1.5
Dodging        | |  0.7

Action                   |  1- 3 |  4- 6 |  7- 9 | 10-12 || total
-------------------------+-------+-------+-------+-------++-------
Melee: Hand axe          |   125 |   110 |    42 |       ||   277
       Tailslap          |     5 |    14 |    37 |     9 ||    65
       Battleaxe         |       |       |   276 |    63 ||   339
Invok: Depart the Abyss  |     1 |       |       |       ||     1
       Bend Space        |       |       |     1 |       ||     1
       Banish            |       |       |     1 |     1 ||     2
 Abil: Rolling Charge    |       |     1 |     2 |       ||     3
  Use: Scroll            |     2 |       |    11 |       ||    13
       Potion            |       |     1 |    10 |     2 ||    13
Armor: Leather armour    |    37 |       |       |       ||    37
       Chain mail        |    44 |    59 |   244 |    36 ||   383
       Scale mail        |     8 |       |       |       ||     8
       Skin              |       |       |    15 |       ||    15
Dodge: Dodged            |    58 |    14 |   107 |    18 ||   197

Table legend: (Time is in decaauts)
 A = Elapsed time spent in this place.
 B = Non-inter-level travel time spent in this place.
 C = Inter-level travel time spent in this place.
 D = Time resting spent in this place.
 E = Time spent auto-exploring this place.
 F = Levels seen in this place.
 G = Mean time per level.
                   A        B        C        D        E       F      G
               +--------+--------+--------+--------+--------+-----+--------+
         Total |  10855 |  10402 |    453 |   4208 |   4691 |   9 | 1206.1 |
       Dungeon |  10797 |  10344 |    453 |   4208 |   4647 |   8 | 1349.6 |
         Abyss |     58 |     58 |      0 |      0 |     44 |   1 |   58.0 |
               +--------+--------+--------+--------+--------+-----+--------+

Top non-repeatable levels by time:
     D:4: 2389 daAuts
     D:7: 1672 daAuts
     D:5: 1443 daAuts
     D:6: 1430 daAuts
     D:2: 1207 daAuts
     D:8: 1202 daAuts
     D:3: 779 daAuts
     D:1: 672 daAuts
 Abyss:1: 58 daAuts
